AoeStats
← [S&H] stellar

Arabia

508107464Analyzed
1v1 RM · 10d ago on Sep 20, 2026· 51m 51s· 2 players
Game mode
Random Map
Map size
Tiny (2 player)
Population
200
Speed
Normal
Resources
Standard
Victory
Conquest
Starting age
Dark Age
Ending age
Imperial Age
RankedLock teamsTeams togetherTeam positionsShared explorationLock speedFull tech treeHidden civsTurbo modeCheats
Victory
Defeat
🇸🇪 Magyars · Sweden
1186
+17
🇩🇪 Khmer · Germany
1199
-17
Wiltex
6:46 Loom
9:18 Feudal Age
20:27 Castle Age
18:42 Gold Mining
19:30 Bloodlines
19:24 Horse Collar
19:34 Double-Bit Axe
20:45 Scale Barding Armor
25:36 Chain Barding Armor
36:03 Fletching
37:00 Wheelbarrow
37:41 Town Watch
38:12 Hand Cart
38:37 Husbandry
41:46 Imperial Age
39:22 Town Patrol
40:35 Corvinian Army
41:31 Thumb Ring
41:48 Bow Saw
42:13 Heavy Plow
43:35 Two-Man Saw
43:08 Parthian Tactics
42:03 Heavy Cavalry Archer
48:38 Plate Barding Armor
48:04 Bodkin Arrow
50:49 Bracer
51:51 Conscription
51:32 Recurve Bow
[S&H] stellar
4:53 Loom
10:37 Feudal Age
13:34 Castle Age
12:24 Double-Bit Axe
15:40 Bow Saw
25:45 Horse Collar
26:21 Fletching
30:10 Bodkin Arrow
34:10 Pikeman
38:01 Forging
37:52 Scale Mail Armor
41:12 Imperial Age
42:56 Halberdier
44:41 Iron Casting
47:44 Wheelbarrow
46:54 Town Watch
47:40 Heavy Plow
48:03 Bloodlines
47:56 Husbandry
49:41 Hand Cart
50:39 Cavalier
51:26 Scale Barding Armor
52:21 Blast Furnace
Connection lost

Rejoining the realm…

Still unreachable

The connection could not be restored.

Session expired

The server has moved on; the page needs a fresh start.